Map: King's Cove LE

Players

SortOf

  • Race: Zerg Zerg
  • League: Diamond
  • Spawn Location: 5:00

Astrea - Winner!

  • Race: Protoss Protoss
  • Spawn Location: 11:00

Event: 2019 WCS Summer

VOD

Have the link to the VOD?

Description

Time

  • Played on: July 12, 2019, 11:39 a.m.
  • Length: 38:14

All games in this series

Show
View Real Time Build Order
Export as new Build Order

SortOf Zerg 

Build Orders: Hatch First, Brood Lord Corruptor 

Get SALT Encoding   

  12  0:00  Drone  
  13  0:12  Overlord  
  13  0:18  Drone  
  14  0:31  Drone x2  
  16  0:50  Hatchery  
  16  0:53  Drone  
  16  0:56  Drone  
  17  1:00  Drone  
  18  1:10  Extractor  
  17  1:16  Spawning Pool  
  17  1:18  Drone  
  17  1:21  Drone  
  18  1:31  Drone  
  19  1:39  Drone  
  20  1:49  Hatchery  
  20  1:52  Drone  
  20  2:02  Queen  
  20  2:05  Zergling x2  
  23  2:11  Overlord  
  23  2:14  Drone  
  24  2:19  Zergling x2  
  25  2:24  Drone x2  
  25  2:29  Metabolic Boost  
  27  2:33  Drone  
  28  2:40  Queen  
  30  2:46  Drone x2  
  30  2:48  Drone  
  33  2:59  Overlord  
  33  3:00  Drone  
  33  3:02  Queen  
  36  3:09  Drone x2  
  36  3:10  Drone  
  36  3:12  Drone  
  39  3:18  Queen  
  41  3:23  Drone x3  
  44  3:30  Drone x2  
  46  3:35  Drone  
  46  3:39  Lair  
  47  3:42  Drone  
  47  3:43  Drone  
  47  3:46  Drone  
  50  3:48  Roach Warren, Overlord  
  50  3:51  Zergling x2  
  50  3:55  Overlord  
  50  3:59  Extractor x2  
  50  4:00  Zergling x2  
  50  4:01  Zergling x2  
  50  4:08  Drone x5  
  55  4:11  Drone  
  56  4:19  Queen  
  56  4:21  Drone x5  
  63  4:26  Spore Crawler  
  63  4:27  Overlord, Spore Crawler  
  63  4:31  Spore Crawler  
  60  4:35  Overlord  
  60  4:40  Glial Reconstitution  
  60  4:41  Overseer  
  59  4:46  Drone x4  
  59  4:48  Drone  
  59  4:51  Drone x2  
  66  4:56  Overlord  
  66  4:59  Overseer  
  66  5:04  Overlord  
  66  5:06  Overlord  
  66  5:07  Extractor, Overlord  
  64  5:17  Drone x4  
  64  5:18  Drone x5  
  64  5:21  Drone  
  74  5:24  Overlord  
  74  5:26  Zergling x2  
  74  5:27  Zergling x4  
  75  5:34  Drone x6  
  81  5:36  Extractor  
  81  5:38  Drone, Extractor  
  81  5:39  Baneling Nest  
  81  5:40  Evolution Chamber  
  78  5:43  Roach x2  
  81  5:52  Roach x4  
  81  5:53  Overlord  
  89  6:00  Drone x2  
  89  6:02  Overlord  
  91  6:04  Overlord  
  91  6:06  Roach x4  
  91  6:09  Overlord  
  99  6:17  Infestation Pit  
  98  6:21  Centrifical Hooks, Drone, Roach  
  98  6:22  Zerg Melee Weapons Level 1  
  101  6:28  Hatchery  
  100  6:32  Overseer  
  100  6:40  Drone  
  100  6:41  Roach x6  
  100  6:42  Roach  
  100  6:44  Overlord  
  115  6:59  Drone  
  116  7:04  Zergling x2  
  116  7:05  Zergling x14  
  124  7:10  Hive  
  124  7:11  Drone x3  
  124  7:12  Spire  
  126  7:18  Zergling x8  
  126  7:19  Overlord  
  130  7:26  Ravager, Overlord  
  130  7:28  Overseer  
  130  7:32  Overlord  
  130  7:39  Zergling x10  
  130  7:42  Ravager x5  
  130  7:43  Baneling x7  
  130  7:44  Baneling, Drone x4  
  140  7:45  Drone x2  
  140  7:48  Drone x4  
  150  7:51  Overlord  
  150  8:03  Zergling x14  
  156  8:07  Baneling x7  
  156  8:08  Baneling x10  
  156  8:12  Extractor  
  155  8:14  Baneling  
  155  8:16  Baneling x10  
  155  8:17  Baneling  
  155  8:22  Overlord  
  155  8:24  Overlord  
  155  8:26  Greater Spire  
  155  8:28  Zergling x8  
  159  8:34  Extractor  
  159  8:35  Overlord x3  
  158  8:47  Corruptor x4  
  164  8:50  Zergling x18  
  173  8:59  Drone  
  173  9:00  Drone x2  
  176  9:04  Baneling x11  
  176  9:11  Hatchery  
  176  9:12  Zergling x18  
  176  9:15  Baneling x5  
  176  9:16  Baneling  
  184  9:22  Corruptor x2  
  188  9:30  Overlord x2  
  187  9:44  Brood Lord x2  
  191  9:47  Overlord  
  191  9:57  Brood Lord x3  
  193  10:01  Zergling x4  
  176  10:11  Zergling x30  
  176  10:12  Zergling x12  
  172  10:16  Zergling x12  
  161  10:22  Brood Lord  
  161  10:23  Corruptor x4  
  161  10:26  Zergling x2  
  165  10:38  Zergling x12  
  170  10:45  Baneling x12  
  170  10:49  Zerg Flyer Weapons Level 1  
  169  10:56  Brood Lord x2  
  173  11:02  Brood Lord  
  175  11:04  Zergling x22  
  175  11:05  Zergling x4  
  188  11:16  Pathogen Glands  
  188  11:26  Baneling x6  
  182  11:33  Zergling x30  
  197  11:49  Evolution Chamber  
  191  11:54  Brood Lord  
  191  11:55  Corruptor x3  
  191  11:56  Overseer x2  
  191  12:01  Spore Crawler  
  196  12:02  Spore Crawler  
  194  12:11  Hatchery  
  194  12:14  Spine Crawler  
  194  12:15  Spine Crawler x2, Corruptor x6  
  186  12:17  Spine Crawler  
  176  12:30  Brood Lord x3  
  182  12:43  Zerg Melee Weapons Level 2  
  180  12:44  Zerg Missile Weapons Level 1  
  180  12:48  Infestor  
  180  12:51  Zergling x30  
  197  13:10  Infestor  
  199  13:17  Infestor x3  
  199  13:19  Zergling x22  
  197  13:25  Brood Lord  
  192  13:29  Drone x3  
  192  13:32  Zerg Flyer Weapons Level 2  
  195  13:41  Extractor  
  195  13:45  Extractor  
  195  13:46  Spine Crawler  
  195  13:47  Spine Crawler  
  195  13:48  Spine Crawler  
  189  13:54  Brood Lord x3  
  194  13:58  Infestor  
  194  14:02  Drone x2  
  191  14:03  Drone  
  192  14:14  Zergling x2  
  192  14:15  Zergling x16  
  198  14:24  Hatchery  
  188  14:26  Zergling x20  
  188  14:30  Neural Parasite  
  196  14:31  Zergling x2  
  196  14:34  Overseer  
  192  14:40  Zergling x16  
  183  14:55  Zergling x22  
  188  15:06  Drone x8  
  196  15:16  Zerg Missile Weapons Level 2  
  196  15:17  Zerg Ground Armor Level 1  
  196  15:22  Drone x2  
  196  15:23  Spine Crawler  
  196  15:24  Spine Crawler  
  196  15:29  Baneling x4  
  196  15:30  Baneling x6  
  193  15:42  Drone x3  
  184  15:43  Zergling x10  
  184  15:44  Spore Crawler  
  184  15:46  Spore Crawler  
  187  15:52  Queen  
  184  16:00  Infestor x5  
  188  16:05  Drone x4  
  192  16:19  Infestor x3  
  192  16:22  Baneling x2  
  193  16:38  Zergling x14  
  199  16:43  Spore Crawler  
  199  16:44  Spore Crawler x2  
  194  16:53  Spore Crawler  
  193  16:54  Spore Crawler  
  186  17:16  Zergling x26  
  186  17:18  Zerg Flyer Weapons Level 3  
  186  17:20  Spire  
  198  17:26  Infestor  
  186  17:42  Infestor  
  186  17:43  Infestor x5  
  198  17:50  Zergling x24  
  196  18:04  Zergling x26  
  199  18:09  Drone x4  
  199  18:12  Drone  
  199  18:26  Extractor  
  198  18:31  Queen  
  195  18:37  Hatchery  
  179  18:50  Brood Lord x2  
  179  18:51  Infestor x2  
  187  18:57  Drone x7  
  187  19:01  Burrow  
  184  19:23  Hatchery  
  174  19:24  Spine Crawler, Corruptor, Spore Crawler  
  174  19:25  Corruptor x5  
  174  19:27  Infestor x3  
  188  19:32  Zerg Melee Weapons Level 3  
  188  19:52  Spore Crawler x2  
  186  20:02  Zergling x26  
  199  20:20  Greater Spire  
  199  20:23  Zerg Ground Armor Level 2  
  186  20:36  Zergling x28  
  199  20:43  Spine Crawler  
  199  20:45  Spine Crawler, Spore Crawler  
  175  21:01  Infestor x3  
  181  21:06  Extractor  
  181  21:07  Extractor  
  165  21:12  Zergling x2  
  165  21:13  Zergling x30  
  181  21:38  Brood Lord x4  
  189  21:41  Corruptor x3  
  182  22:07  Corruptor x2  
  184  22:17  Brood Lord x3  
  190  22:25  Zergling x2  
  190  22:26  Zergling x26  
  200  22:34  Zerg Flyer Armor Level 1, Zerg Missile Weapons Level 3  
  173  23:04  Corruptor  
  173  23:05  Corruptor x6  
  179  23:10  Brood Lord x2  
  175  23:13  Zergling x16  
  175  23:14  Zergling x4  
  173  23:25  Zergling x14  
  172  23:40  Brood Lord  
  172  23:41  Brood Lord x3  
  172  23:49  Brood Lord x2  
  172  23:54  Hydralisk Den  
  175  23:57  Brood Lord  
  168  24:26  Hydralisk x10, Muscular Augments  
  168  24:27  Lurker Den  
  187  24:37  Spine Crawler x2  
  185  24:48  Hydralisk  
  185  24:49  Hydralisk x3  
  193  24:58  Spine Crawler  
  175  25:15  Zergling x2  
  175  25:16  Zergling x18  
  175  25:20  Viper x2  
  186  25:30  Zergling x8  
  190  25:38  Grooved Spines  
  188  25:54  Lurker x3  
  183  26:04  Overlord  
  183  26:06  Lurker  
  176  26:14  Overseer x2  
  176  26:15  Overlord  
  176  26:16  Zergling x24  
  176  26:17  Overlord  
  188  26:33  Drone x11  
  189  26:57  Overlord  
  187  27:03  Infestation Pit, Lurker x7  
  187  27:07  Spore Crawler  
  192  27:09  Spore Crawler x2  
  187  27:39  Hatchery  
  187  27:40  Adaptive Talons  
  186  27:52  Infestor x3, Lair  
  192  28:04  Zergling x14  
  185  28:36  Hatchery  
  184  28:44  Hydralisk x8, Spawning Pool  
  194  29:21  Hive  
  190  29:30  Lurker x4  
  190  29:31  Zergling x10  
  187  29:39  Zergling x2  
  187  29:40  Zergling x18  
  197  29:49  Spore Crawler  
  197  29:50  Spore Crawler  
  181  30:20  Hydralisk x8  
  181  30:21  Zergling x14  
  183  30:35  Zergling x12  
  189  30:44  Overlord  
  188  30:56  Drone x4  
  192  31:07  Drone  
  192  31:09  Infestor x2, Overlord  
  194  31:34  Infestor  
  194  31:37  Zergling x2  
  194  31:38  Zergling x10  
  179  32:03  Zergling x4, Spire  
  179  32:04  Zergling x24  
  186  32:18  Queen x2  
  188  32:29  Lurker  
  191  32:30  Lurker x2  
  185  32:49  Zergling x24  
  195  32:54  Hatchery  
  188  33:17  Greater Spire  
  184  33:29  Extractor  
  184  33:33  Zergling x30  
  197  33:34  Baneling x13  
  197  33:46  Lurker  
  132  34:10  Hydralisk x4  
  132  34:11  Zergling x8  
  137  34:19  Hydralisk  
  137  34:23  Zergling x2  
  137  34:24  Zergling x16  
  145  34:29  Drone x2  
  147  34:39  Infestor x6  
  135  34:48  Lurker  
  135  34:52  Spore Crawler  
  135  35:05  Drone  
  135  35:07  Hydralisk x2, Zergling x18  
  136  35:11  Spore Crawler  
  136  35:12  Spore Crawler  
  144  35:18  Zergling x10  
  144  35:20  Zergling x2  
  144  35:21  Zergling x2  
  150  35:26  Lurker  
  151  35:35  Zergling x12  
  154  35:38  Lurker  
  154  35:42  Zergling x4  
  158  35:45  Drone  
  158  35:49  Drone x2  
  157  36:02  Lurker x2  
  159  36:04  Corruptor  
  159  36:09  Infestor x6  
  150  36:16  Zergling x14  
  143  36:31  Lurker x3  
  135  36:57  Zergling x6  
  135  37:00  Zergling x2  
  135  37:01  Zergling x28  
  146  37:20  Overseer x2  
  132  37:27  Hydralisk  
  132  37:28  Hydralisk x5  
  133  37:40  Zergling x12  
Show
View Real Time Build Order
Export as new Build Order

Astrea Protoss - Winner!

Build Orders: Nexus First, Oracle Opening, Colossus Rush 

Get SALT Encoding   

  12  0:00  Probe  
  13  0:12  Probe  
  14  0:21  Pylon  
  14  0:25  Probe  
  15  0:35  Probe  
  16  0:43  Probe  
  17  0:54  Probe  
  18  1:02  Nexus  
  18  1:06  Probe  
  19  1:14  Probe  
  19  1:15  Gateway  
  20  1:22  Probe  
  20  1:23  Assimilator  
  20  1:31  Assimilator  
  20  1:32  Probe  
  22  1:41  Pylon  
  22  1:44  Probe  
  23  1:59  Probe  
  24  2:03  Cybernetics Core  
  24  2:04  Zealot  
  26  2:11  Probe x2  
  28  2:19  Probe  
  28  2:23  Probe  
  28  2:29  Probe  
  30  2:31  Stalker  
  30  2:35  Probe  
  32  2:39  Stargate  
  32  2:43  Probe  
  35  2:45  Warp Gate  
  35  2:48  Probe  
  36  2:54  Gateway  
  36  2:58  Probe  
  37  3:02  Sentry  
  37  3:05  Probe  
  40  3:11  Probe, Pylon  
  41  3:18  Probe  
  42  3:22  Void Ray  
  42  3:23  Probe  
  43  3:30  Probe  
  48  3:35  Probe, Pylon  
  49  3:42  Probe  
  49  3:48  Probe  
  51  3:57  Nexus  
  51  3:58  Probe, Oracle  
  51  3:59  Pylon  
  51  4:01  Probe  
  56  4:10  Probe  
  56  4:13  Assimilator  
  56  4:14  Assimilator  
  57  4:18  Probe  
  57  4:23  Probe  
  58  4:25  Robotics Facility  
  58  4:29  Pylon  
  58  4:30  Probe  
  59  4:35  Sentry, Probe  
  59  4:38  Zealot, Gateway  
  62  4:42  Probe  
  63  4:45  Probe  
  64  4:53  Probe  
  64  4:54  Probe  
  66  5:02  Probe, Forge  
  66  5:05  Observer  
  66  5:06  Pylon  
  66  5:07  Probe  
  68  5:13  Robotics Bay  
  68  5:14  Probe  
  70  5:15  Probe  
  70  5:18  Stalker, Immortal  
  70  5:19  Probe  
  73  5:26  Probe  
  73  5:28  Probe  
  75  5:31  Probe  
  75  5:34  Assimilator  
  80  5:35  Assimilator  
  80  5:37  Pylon  
  80  5:39  Probe  
  80  5:40  Probe  
  82  5:43  Probe  
  82  5:45  Colossus  
  83  5:51  Probe, Protoss Ground Weapons Level 1  
  83  5:52  Probe  
  83  5:54  Twilight Council  
  83  5:55  Probe  
  86  5:57  Pylon  
  86  6:03  Probe  
  93  6:09  Stalker  
  93  6:10  Stalker  
  97  6:12  Probe, Pylon  
  98  6:21  Extended Thermal Lance  
  98  6:30  Colossus, Blink, Gateway  
  98  6:33  Gateway x2  
  98  6:35  Gateway  
  98  6:37  Gateway  
  98  6:45  Pylon  
  104  6:56  Stalker x3  
  110  7:09  Photon Cannon  
  110  7:10  Photon Cannon, Colossus  
  110  7:12  Photon Cannon  
  110  7:19  Pylon  
  110  7:20  Stalker, Sentry x2, Pylon  
  116  7:27  Nexus  
  116  7:28  Pylon  
  122  7:40  Pylon  
  122  7:45  Protoss Ground Weapons Level 2  
  122  7:46  Stalker x6  
  122  7:47  Stalker  
  136  7:53  Pylon  
  136  7:58  Warp Prism  
  136  7:59  Probe  
  139  8:10  Stalker x3  
  139  8:11  Stalker  
  147  8:18  Charge  
  147  8:24  Probe x3  
  150  8:37  Stalker x2  
  150  8:38  Stalker x3  
  150  8:40  Photon Cannon  
  160  8:41  Immortal  
  160  8:43  Shield Battery  
  159  8:59  Stalker x3  
  165  9:04  Gateway  
  165  9:06  Gateway  
  165  9:14  Stalker x5  
  175  9:25  Stalker x3  
  175  9:28  Pylon  
  175  9:30  Pylon  
  181  9:48  Stalker x8  
  149  10:16  Stalker x10  
  161  10:25  Probe x4  
  161  10:37  Probe x4  
  161  10:41  Protoss Ground Weapons Level 3  
  163  10:46  Assimilator x2  
  163  10:49  Probe  
  164  10:51  Observer, Zealot x3  
  164  10:52  Zealot  
  164  10:53  Templar Archives  
  172  10:59  Gravitic Drive  
  173  11:06  Gateway  
  173  11:08  Gateway  
  173  11:10  Gateway  
  173  11:14  Gateway  
  173  11:21  Psionic Storm  
  173  11:27  Zealot x10  
  163  11:40  High Templar x4  
  163  11:41  High Templar  
  163  11:43  Zealot x2, Nexus x2  
  163  11:44  Zealot  
  179  11:48  Pylon  
  177  11:58  Stalker x2  
  181  12:03  Zealot x3  
  181  12:04  Zealot  
  183  12:10  Zealot  
  183  12:11  Zealot x2  
  183  12:15  Zealot x5  
  196  12:28  Zealot x2  
  196  12:29  Zealot  
  200  12:35  Photon Cannon  
  200  12:53  Photon Cannon  
  200  12:55  Photon Cannon  
  200  12:58  Shield Battery  
  200  13:02  Assimilator, Protoss Ground Armor Level 1  
  200  13:06  Assimilator  
  200  13:13  Photon Cannon  
  200  13:15  Photon Cannon  
  200  13:17  Pylon  
  200  13:18  Zealot x5  
  176  13:32  High Templar x2  
  176  13:33  Stalker x4  
  176  13:34  Stalker x2  
  188  13:37  Probe x5  
  193  13:45  Dark Shrine  
  193  13:47  Gateway  
  193  13:50  Gateway  
  193  14:05  Probe x5  
  198  14:16  Nexus  
  191  14:17  Probe  
  191  14:20  High Templar x2  
  191  14:21  Zealot x6  
  191  14:39  Pylon  
  191  14:43  Observer  
  191  14:48  Protoss Shields Level 1  
  191  14:49  Nexus  
  184  14:55  Shadow Stride  
  184  14:59  Dark Templar x2  
  188  15:00  Zealot x6  
  188  15:06  Observer  
  200  15:08  Photon Cannon  
  200  15:09  Photon Cannon  
  200  15:11  Photon Cannon  
  200  15:12  Shield Battery  
  199  15:15  Assimilator  
  199  15:19  Assimilator  
  199  15:21  Pylon  
  197  15:26  Zealot  
  196  15:37  Archon  
  196  15:40  High Templar x2  
  198  16:13  Pylon  
  198  16:17  Pylon  
  198  16:20  Stalker  
  198  16:30  Stalker x3  
  198  16:31  Stalker  
  184  16:37  High Templar  
  182  16:45  Pylon  
  178  16:57  Probe x4  
  182  17:02  Protoss Shields Level 2  
  170  17:15  High Templar x2  
  170  17:16  High Templar x2  
  178  17:24  Probe x2  
  178  17:25  Probe x4  
  176  17:35  Dark Templar x4  
  180  17:39  Stalker x4  
  180  17:40  Stalker x3  
  190  18:09  Disruptor  
  179  18:23  Robotics Facility  
  179  18:25  Gateway  
  179  18:27  Gateway  
  177  18:41  High Templar x2  
  175  18:42  High Templar  
  160  18:51  Stalker x12  
  174  19:11  Nexus  
  174  19:13  Stalker x2  
  174  19:14  Stalker x3  
  184  19:20  Protoss Ground Armor Level 2  
  176  19:29  High Templar  
  178  19:32  Stalker x11  
  178  19:34  Pylon  
  200  19:39  Nexus  
  200  19:40  Pylon  
  200  19:46  Gravitic Boosters  
  200  19:50  Nexus  
  198  20:17  Disruptor  
  183  20:41  Stalker x5, Dark Templar x3  
  183  20:42  Stalker x3  
  199  20:45  Observer  
  199  20:46  Observer  
  190  21:02  Assimilator  
  190  21:05  Photon Cannon, Assimilator  
  190  21:06  Pylon  
  190  21:08  Shield Battery  
  190  21:09  Photon Cannon  
  190  21:10  Photon Cannon  
  190  21:12  Pylon  
  188  21:24  Stalker x7  
  200  21:27  Observer  
  200  21:31  Protoss Shields Level 3  
  198  21:34  Observer  
  191  22:07  Stalker x5  
  191  22:08  Stalker x2  
  178  22:33  Photon Cannon  
  178  22:35  Photon Cannon  
  178  22:36  Photon Cannon  
  176  22:38  Photon Cannon  
  176  22:39  Stalker x12  
  176  22:41  Shield Battery  
  176  22:43  Shield Battery  
  183  23:00  Disruptor x2  
  179  23:06  High Templar x4  
  179  23:09  Assimilator  
  179  23:10  Assimilator  
  167  23:25  Stalker x4  
  167  23:26  Stalker x10, Observer  
  179  23:27  Observer  
  179  23:33  Probe  
  179  23:34  Probe x2  
  178  23:41  Disruptor x2  
  180  23:50  Stalker x5  
  180  23:51  Stalker x5  
  198  24:10  Protoss Ground Armor Level 3  
  198  24:18  Archon  
  198  24:23  High Templar x4  
  198  24:24  Stalker x8  
  195  24:32  Observer  
  195  24:48  Observer x2  
  195  24:50  Dark Templar x3  
  187  25:17  Archon  
  183  25:22  High Templar  
  183  25:23  High Templar x2  
  189  25:38  Dark Templar  
  189  25:39  Dark Templar x4  
  189  25:41  Nexus  
  199  25:45  Nexus  
  199  25:48  Observer  
  186  26:18  Stalker  
  186  26:19  Stalker x6  
  196  26:25  Pylon  
  196  26:26  Pylon  
  188  26:33  Nexus  
  188  26:38  Oracle  
  189  26:42  Pylon  
  174  27:10  Pylon  
  174  27:12  Observer  
  174  27:13  Observer, Photon Cannon  
  174  27:15  Photon Cannon  
  175  27:16  Photon Cannon  
  175  27:18  Photon Cannon  
  175  27:21  Photon Cannon  
  170  27:23  Shield Battery  
  170  27:27  Dark Templar x3  
  170  27:28  Dark Templar  
  178  27:31  Stalker x9  
  178  27:32  Stalker x2  
  200  27:51  Photon Cannon  
  200  27:52  Photon Cannon  
  200  27:55  Assimilator  
  200  27:59  Assimilator  
  188  28:55  Observer  
  189  28:56  Observer  
  189  29:05  Observer  
  164  29:36  Disruptor  
  164  29:37  Disruptor  
  161  29:42  Stalker x4  
  161  29:43  Stalker x14  
  169  30:19  High Templar  
  169  30:20  High Templar x2  
  167  30:29  Zealot x5  
  167  30:30  Stalker, Zealot x4  
  167  30:31  Stalker x5  
  167  30:34  Observer x2  
  193  30:58  Nexus  
  193  31:04  Stalker x3  
  174  31:31  Nexus  
  163  31:39  Pylon  
  156  31:44  Pylon  
  156  31:46  Stalker x7  
  156  31:47  Stalker x11  
  141  32:02  Photon Cannon  
  141  32:03  Photon Cannon  
  141  32:07  Photon Cannon  
  141  32:08  Photon Cannon  
  128  32:09  Photon Cannon  
  128  32:11  Photon Cannon  
  128  32:12  Photon Cannon  
  128  32:14  Shield Battery  
  126  32:16  Shield Battery  
  118  32:28  Observer  
  113  32:32  Stalker  
  113  32:33  Stalker x2  
  113  32:34  Stalker x15  
  146  33:02  Observer, High Templar x2  
  146  33:03  Stalker x16  
  146  33:04  Warp Prism  
  185  33:26  Zealot x8  
  185  33:27  Assimilator  
  199  33:31  Observer  
  199  33:32  Assimilator  
  197  33:50  Observer  
  129  34:16  Stalker x8  
  129  34:17  Stalker x10  
  120  34:59  Stalker, Assimilator, High Templar x4  
  128  35:00  Stalker x13  
  128  35:02  Observer  
  146  35:15  Observer  
  144  35:23  Observer  
  144  35:24  Void Ray  
  140  35:38  Stalker x12  
  140  35:39  Stalker x6  
  145  36:17  Zealot x12  
  145  36:18  Zealot x6  
  176  36:20  Probe x8  
  186  36:32  Probe x2  
  182  36:48  Observer  
  174  36:55  Observer  
  174  36:56  High Templar x3  
  174  36:57  High Templar  
  173  37:10  Probe x4  
  173  37:13  Photon Cannon, Observer  
  173  37:15  Photon Cannon, Archon  
  175  37:16  Dark Templar x8  
  175  37:17  Zealot x5  
  159  38:03  Nexus  
Tags
 
Add a new tag
Caveats
  • Supply blocks, unpowered buildings, or Contaminate may cause inaccurate times.
  • Supply counts are checked every 10 seconds.